 Dungeon Crawl Stone Soup version 0.23-a0-408-g9d4b7ed (webtiles) character file.

49 chorionicmirror the Digger (level 3, -10/21 HPs)
             Began as a Gargoyle Earth Elementalist on Nov 8, 2018.
             Mangled by an orc warrior
             ... wielding a +2 long sword of holy wrath
              (22 damage)
             ... on level 2 of the Dungeon.
             The game lasted 00:09:52 (1400 turns).

chorionicmirror the Digger (GrEE)                   Turns: 1400, Time: 00:09:53

Health: -10/21     AC:  5    Str: 12    XL:     3   Next: 77%
Magic:  4/6        EV: 12    Int: 15    God:
Gold:   34         SH:  0    Dex: 10    Spells: 5/6 levels left

rFire    . . .     SeeInvis .   l - +0 mace
rCold    . . .     Gourm    .   (no shield)
rNeg     + . .     Faith    .   c - +0 robe
rPois    ∞         Spirit   .   (no helmet)
rElec    +         Reflect  .   (no cloak)
rCorr    .         Harm     .   (no gloves)
MR       .....                  (no boots)
Stlth    ++........             (no amulet)
HPRegen  0.07/turn              (no ring)
MPRegen  0.10/turn              (no ring)

@: no status effects
A: negative energy resistance 1, electricity resistance, unbreathing,
petrification resistance, rot immunity, AC +3
a: no special abilities


You were on level 2 of the Dungeon.
You were not hungry.

You visited 1 branch of the dungeon, and saw 2 of its levels.

You collected 34 gold pieces.

Inventory:

Hand Weapons
 l - a +0 mace (weapon)
Missiles
 b - 34 stones (quivered)
Armour
 a - a cursed +0 ring mail
 c - a +0 robe (worn)
Scrolls
 e - a scroll of amnesia
 g - 2 scrolls of identify
Potions
 j - 2 potions of haste
Comestibles
 d - 2 rations


   Skills:
 * Level 1.7 Fighting
 + Level 0.0 Maces & Flails
 + Level 0.1 Armour
 - Level 2.0 Dodging
 - Level 3.0 Stealth
 - Level 2.0 Spellcasting
   Level 0.7 Transmutations
 + Level 4.2 Earth Magic


You had 5 spell levels left.
You knew the following spells:

 Your Spells              Type           Power        Failure   Level  Hunger
a - Sandblast             Erth           ##....       3%          1    #......

Your spell library contained the following spells:

 Spells                   Type           Power        Failure   Level  Hunger
 Passwall                 Tmut/Erth      #.......     12%         2    ###....
 Stone Arrow              Conj/Erth      #.....       28%         3    ###....
 Petrify                  Tmut/Erth      #.......     61%         4    #####..
 Lee's Rapid Deconstruct  Erth           ##........   71%         5    ######.


Dungeon Overview and Level Annotations

Branches:
Dungeon (2/15)

Altars:


Innate Abilities, Weirdness & Mutations

You are resistant to torment.
Your stone body is resilient. (AC +3)
You are immune to poison.
You resist negative energy. (rN+)
You are resistant to electric shocks. (rElec)
You can survive without breathing.
You are immune to petrification.
You are immune to rotting.


Message History

The orc warrior shouts!
b - 35 stones The orc warrior barely misses you.
Casting: Sandblast (safe; 3% risk of failure)
Confirm with . or Enter, or press ? or * to list all spells.
Aiming: Sandblast (safe; 3% risk of failure)
Press: ? - help, Shift-Dir - straight line, f/p - orc warrior
Aim: an orc warrior, wielding a +2 long sword of holy wrath and wearing a +0 The blast of sand hits the orc warrior.
b - 34 stones The orc warrior hits you with a +2 long sword of holy wrath.
All of the chunks of flesh in your inventory have rotted away.
You see here a kobold skeleton.
A bat comes into view.
Found a scroll of fog.
You see here a scroll of fog.
You see here a kobold skeleton.
The orc warrior hits you with a +2 long sword of holy wrath!!
Ouch! That really hurt!
You die...

.# b.. ..# #.# #.# #.#
#.#########
#...o@?...# .#
#####.#######.# ..####
#....>....÷...+ ......
#....<#.....#.# ......
#######.#####.###.....
........# ###......###
######### #..........#
....####..........#
#.....#..........#


You could see an orc warrior.

Vanquished Creatures
  2 adders (D:2)
  2 giant cockroaches
  4 goblins
  4 hobgoblins (D:1)
  3 jackals (D:1)
  5 kobolds
  2 bats (D:1)
  6 frilled lizards
  5 rats (D:1)
33 creatures vanquished.

Notes
Turn   | Place    | Note
-------+----------+-------------------------------------------
     0 | D:1      | chorionicmirror the Gargoyle Earth Elementalist began the
                  | quest for the Orb.
     0 | D:1      | Reached XP level 1. HP: 10/10 MP: 3/3
    96 | D:1      | Reached XP level 2. HP: 16/16 MP: 0/5
   346 | D:1      | Reached skill level 1 in Fighting
   701 | D:1      | Reached skill level 4 in Earth Magic
   894 | D:1      | Reached XP level 3. HP: 20/20 MP: 3/6
  1324 | D:2      | Noticed an orc warrior
  1400 | D:2      | Mangled by an orc warrior

Vault maps used:
D:1:      matt_arrival_spirals
D:2:      fiery_altar_vehumet

Skill      XL: |  1  2  3 |
---------------+----------+-----
Fighting       | 1 |  1.7
Earth Magic    | 4 |  4.2
Dodging        | 2 |  2.0
Stealth        | 3 |  3.0
Armour         | |  0.1
Spellcasting   | |  2.0
Transmutations | |  0.7

Action                   || total
-------------------------++-------
Melee: Club              ||    45
       Mace              ||    27
 Cast: Sandblast         ||    29
  Use: Scroll            ||     5
  Eat: Chunk             ||     2
Armor: Robe              ||    35
Dodge: Dodged            ||    68

Table legend:
 A = Non-vault XP
 B = Vault XP
 C = Vault XP percentage of total XP
 D = Non-vault monster count
 E = Vault monster count
 F = Vault count percentage of total count
                 A         B        C        D         E       F
            +---------+---------+-------+---------+---------+-------
      Total |      71 |       0 |   0.0 |      33 |       0 |   0.0
            +---------+---------+-------+---------+---------+-------
        D:1 |      36 |       0 |   0.0 |      25 |       0 |   0.0
        D:2 |      35 |       0 |   0.0 |       8 |       0 |   0.0
            +---------+---------+-------+---------+---------+-------
